 Dungeon Crawl Stone Soup version 0.20.1-1-g8b1a95d (webtiles) character file.

2767 slep the Slasher (level 9, -5/69 HPs)
             Began as a Demonspawn Fighter on Oct 27, 2017.
             Was an Elder of Okawaru.
             Slain by a wolf spider zombie (9 damage)
             ... on level 7 of the Dungeon.
             The game lasted 00:38:59 (6341 turns).

slep the Slasher (Demonspawn Fighter)               Turns: 6341, Time: 00:39:02

Health: -5/69      AC: 14    Str: 16    XL:     9   Next: 42%
Magic:  0/9        EV: 11    Int: 10    God:    Okawaru [****..]
Gold:   373        SH: 10    Dex: 16    Spells: 8/8 levels left

rFire    . . .     SeeInvis .   e - +3 scimitar
rCold    + + .     Gourm    .   c - +0 shield
rNeg     . . .     Faith    .   J - +3 ring mail {rC+}
rPois    .         Spirit   +   r - +0 helmet
rElec    .         Reflect  .   (no cloak)
rCorr    +         Harm     .   t - +0 pair of gloves
MR       .....                  (no boots)
Stlth    +.........             w - amulet of guardian spirit
Regen    0.3/turn               p - ring of resist corrosion
MPRegen  0.2/turn               (no ring)

@: drained
A: hooves 1, yellow scales 2, cold resistance 1, freezing cloud immunity
a: Heroism, Renounce Religion


You were on level 7 of the Dungeon.
You worshipped Okawaru.
Okawaru was greatly pleased with you.
You were hungry.

You visited 1 branch of the dungeon, and saw 7 of its levels.
You also visited: Ossuary.

You collected 373 gold pieces.

Inventory:

Hand Weapons
 e - a +3 scimitar (weapon)
 n - a +3 dagger of venom
Armour
 c - a +0 shield (worn)
 q - a +1 robe of positive energy
 r - a +0 helmet (worn)
 s - a +1 leather armour of fire resistance
 t - a +0 pair of gloves (worn)
 J - a +3 ring mail of cold resistance (worn)
Jewellery
 p - a ring of resist corrosion (left hand)
 w - an amulet of guardian spirit (around neck)
Wands
 u - a wand of paralysis (11/24)
 I - a wand of random effects (20/48)
Scrolls
 g - 3 scrolls of teleportation
 h - 4 scrolls of magic mapping
 j - 2 scrolls of identify
 l - 2 scrolls of blinking
 y - a scroll of remove curse
 D - a scroll of enchant weapon {unknown}
 H - 3 scrolls of fear {unknown}
 K - a scroll of random uselessness {unknown}
 M - a scroll of holy word {unknown}
Potions
 a - a potion of mutation {unknown}
 d - 2 potions of might
 m - a potion of haste
 z - 2 potions of resistance
 A - 3 potions of agility
Books
 b - a book of Conjurations

   Spells                             Type                      Level
   a - Magic Dart                     Conjuration                  1
   b - Searing Ray                    Conjuration                  2
   c - Dazzling Spray                 Conjuration/Hexes            3
   d - Fulminant Prism                Conjuration/Hexes            4
   e - Force Lance                    Conjuration/Translocation    4
   f - Iskenderun's Mystic Blast      Conjuration                  4
Comestibles
 f - 4 bread rations
 B - 4 royal jellies
 C - 3 fruits


   Skills:
 + Level 5.7 Fighting
 + Level 2.6(5.3) Short Blades
 + Level 7.3(7.5) Long Blades
 + Level 4.4(4.3) Armour
 + Level 4.3 Dodging
 + Level 1.6(1.5) Stealth
 + Level 5.5 Shields


You had 8 spell levels left.
You didn't know any spells.

Dungeon Overview and Level Annotations

Branches:
Dungeon (7/15)
 Temple: D:4-7

Altars:
Dithmenos
Fedhas
Gozag
Okawaru
Uskayaw
Zin

Shops:
D:6 }


Innate Abilities, Weirdness & Mutations

You have large cloven feet.
You are mostly covered in yellow scales. (AC +3)
Your flesh is cold resistant. (rC+)
You are immune to freezing clouds.


Message History

* * * LOW HITPOINT WARNING * * *
The wolf spider zombie hits you but does no damage.
You block the wolf spider zombie's attack.
You hit the wolf spider zombie.
You kick the wolf spider zombie, but do no damage.
The wolf spider zombie is heavily damaged.
The wolf spider zombie hits you!
* * * LOW HITPOINT WARNING * * *
The wolf spider zombie bites you but does no damage.
You slash the wolf spider zombie!
The wolf spider zombie is severely damaged.
The wolf spider zombie hits you but does no damage.
You block the wolf spider zombie's attack.
You slash the wolf spider zombie! You kick the wolf spider zombie.
The wolf spider zombie is severely damaged.
The wolf spider zombie hits you!
* * * LOW HITPOINT WARNING * * *
The wolf spider zombie bites you but does no damage.
The wolf spider zombie hits you!
You die...

#### ..#
##...##########.##
##................#
...........####...#
#..........####..##
#...<............#
##........#####..##+###
##...##Z######.......#
#### #@# #>.........##
#.# #.##...##...# #.#
#.##..<...#. #.#
#.##.#.##...# #)#
#.##...###.##
##.###.##).......#
#......)...........
#.........#.##.####.....
#.####...##.##.####.....


You could see a wolf spider zombie.

Vanquished Creatures
  A hellwing (D:6)
  The ghost of bande the Chopper, an amateur MiBe of Trog (D:4)
  Grinder (D:4)
  A hungry ghost (D:6)
  A water moccasin (D:7)
  Duvessa (D:6)
  An ice beast (D:5)
  A sky beast (D:5)
  3 centaurs
  Dowan (D:6)
  A wyvern zombie (D:7)
  2 water moccasin zombies
  5 wights (D:7)
  2 crimson imps
  2 hounds
  A bullfrog zombie (D:7)
  2 orc priests (D:5)
  A jelly (D:5)
  7 orc wizards
  A bullfrog skeleton (D:4)
  Ijyb (D:5)
  5 worker ants
  2 big kobold zombies (Ossuary)
  2 mummies (Ossuary)
  A hound skeleton (D:5)
  Robin (D:3)
  6 adders
  2 shadow imps
  An ooze (D:4)
  6 adder zombies
  3 worms
  2 dart slugs
  4 leopard geckos
  18 orcs
  6 giant cockroaches
  2 gnoll zombies (Ossuary)
  15 goblins
  8 hobgoblins
  4 jackals (D:1)
  5 kobolds
  3 quokkas
  2 ball pythons
  7 bats
  3 frilled lizards
  7 hobgoblin zombies (Ossuary)
  A jackal skeleton (D:6)
  4 kobold zombies (Ossuary)
  11 orc zombies (Ossuary)
  11 rats
179 creatures vanquished.

Vanquished Creatures (others)
  7 toadstools (D:1)
  2 withered plants (D:7)
9 creatures vanquished.

Grand Total: 188 creatures vanquished

Notes
Turn   | Place    | Note
-------+----------+-------------------------------------------
     0 | D:1      | slep the Demonspawn Fighter began the quest for the Orb.
     0 | D:1      | Reached XP level 1. HP: 18/18 MP: 1/1
   237 | D:1      | Reached skill level 2 in Long Blades
   260 | D:1      | Gained mutation: You have large cloven feet. [demonic ancestry]
   260 | D:1      | Reached XP level 2. HP: 19/24 MP: 2/2
   987 | D:2      | Gained mutation: You are partially covered in yellow scales. (AC +2) [demonic ancestry]
   987 | D:2      | Reached XP level 3. HP: 25/29 MP: 3/3
  1137 | D:2      | Found a hide-covered altar of Uskayaw.
  1455 | D:2      | Found an opulent altar of Gozag.
  1879 | D:3      | Noticed Robin
  1880 | D:3      | Gained mutation: Your flesh is cold resistant. (rC+) [demonic ancestry]
  1880 | D:3      | Reached XP level 4. HP: 24/35 MP: 4/4
  1901 | D:3      | Killed Robin
  1901 | D:3      | Reached skill level 3 in Long Blades
  2352 | D:3      | Found an iron altar of Okawaru.
  2390 | D:3      | Became a worshipper of Warmaster Okawaru
  2776 | D:4      | Found a sand-covered staircase.
  2874 | D:4      | Gained mutation: You are mostly covered in yellow scales. (AC +3) [demonic ancestry]
  2874 | D:4      | Reached XP level 5. HP: 38/41 MP: 5/5
  2880 | D:4      | Noticed bande's ghost (amateur MiBe)
  2901 | D:4      | Killed bande's ghost
  2901 | D:4      | Reached * piety under Okawaru
  2901 | D:4      | Reached skill level 1 in Short Blades
  2901 | D:4      | Reached skill level 1 in Dodging
  2901 | D:4      | Reached skill level 1 in Stealth
  2901 | D:4      | Reached XP level 6. HP: 14/47 MP: 2/6
  2976 | Ossuary  | Entered an ossuary
  3237 | Ossuary  | Reached skill level 4 in Long Blades
  3261 | Ossuary  | Reached XP level 7. HP: 47/53 MP: 5/7
  3421 | D:5      | Entered Level 5 of the Dungeon
  3680 | D:4      | Noticed Grinder
  3702 | D:4      | Killed Grinder
  3702 | D:4      | Reached ** piety under Okawaru
  3702 | D:4      | Reached skill level 5 in Long Blades
  3799 | D:5      | Gained mutation: You are immune to freezing clouds. [demonic ancestry]
  3799 | D:5      | Reached XP level 8. HP: 15/61 MP: 2/8
  3888 | D:5      | Noticed Ijyb
  3913 | D:5      | Killed Ijyb
  4081 | D:5      | Reached skill level 6 in Long Blades
  4316 | D:5      | Found a shadowy altar of Dithmenos.
  4381 | D:5      | Reached skill level 5 in Fighting
  4867 | D:6      | Found a glowing silver altar of Zin.
  4868 | D:6      | Found a blossoming altar of Fedhas.
  4909 | D:6      | Found a blossoming altar of Fedhas.
  4954 | D:6      | Reached *** piety under Okawaru
  5203 | D:6      | Reached skill level 7 in Long Blades
  5203 | D:6      | Paralysed by fainting for 9 turns
  5329 | D:6      | Found Zeypatae's Gadget Boutique.
  5366 | D:6      | Noticed Dowan
  5381 | D:6      | Noticed Duvessa
  5387 | D:6      | Reached skill level 5 in Shields
  5402 | D:6      | Killed Duvessa
  5402 | D:6      | Reached XP level 9. HP: 60/68 MP: 9/9
  5413 | D:6      | Killed Dowan
  5786 | D:7      | Noticed a hellwing
  5789 | D:7      | Noticed a hellwing
  5811 | D:6      | HP: 2/68 [hellwing (4)]
  5818 | D:6      | HP: 1/68 [hellwing (8)]
  5827 | D:6      | Killed a hellwing
  6271 | D:7      | Reached **** piety under Okawaru
  6341 | D:7      | Slain by a wolf spider zombie

Skill      XL: |  1  2  3  4  5  6  7  8  9 |
---------------+----------------------------+-----
Long Blades    | 2 3 4 5 7 |  7.3
Armour         | 3 4 |  4.4
Shields        | 3 4 5 |  5.5
Short Blades   | 1 2 |  2.6
Dodging        | 1 2 3 4 |  4.3
Stealth        | 1 |  1.6
Fighting       | 4 5 |  5.7

Action                   |  1- 3 |  4- 6 |  7- 9 || total
-------------------------+-------+-------+-------++-------
Melee: Long sword        |   100 |   117 |   322 ||   539
       Kick              |    18 |    58 |   124 ||   200
       Dagger            |       |    81 |    60 ||   141
       Scimitar          |       |       |    37 ||    37
  Use: Potion            |       |     1 |    12 ||    13
       Scroll            |       |       |     8 ||     8
 Stab: Sleeping          |       |     1 |       ||     1
  Eat: Chunk             |     3 |     4 |     8 ||    15
       Meat ration       |       |       |     1 ||     1
Armor: Scale mail        |    39 |       |       ||    39
       Robe              |     4 |    13 |       ||    17
       Leather armour    |       |    32 |    30 ||    62
       Ring mail         |       |       |    92 ||    92
       Skin              |       |       |     8 ||     8
Dodge: Dodged            |    36 |    66 |   151 ||   253
Block: Shield            |    39 |    68 |   199 ||   306
       Rpst.: Long sword |    17 |     9 |    32 ||    58
       Scimitar          |       |       |     1 ||     1
